 Dungeon Crawl Stone Soup version 0.31-a0-1074-g0b22e4e0f1 (webtiles) character file.

Game seed: 9588612424608603298

182 DApurpleWHUMPUS the Magician (level 5, 0/45 HPs)
             Began as a Draconian Air Elementalist on Nov 27, 2023.
             Was an Initiate of Vehumet.
             Succumbed to a scorpion's poison
             ... on level 4 of the Dungeon.
             The game lasted 00:10:03 (3941 turns).

DApurpleWHUMPUS the Magician (DrAE)                 Turns: 3941, Time: 00:10:03

Health: 0/45       AC:  6    Str: 10    XL:     5   Next: 34%
Magic:  2/10       EV: 12    Int: 17    God:    Vehumet [......]
Gold:   159        SH:  0    Dex: 12    Spells: 11/12 levels left

rFire   . . .        m - +2 dagger (holy)
rCold   . . .        l - orb {mayhem}
rNeg    . . .        (body armour unavailable)
rPois   .            (helmet restricted)
rElec   .            (no cloak)
rCorr   .            c - +0 pair of gloves
SInv    .            (no boots)
Will    .....        (no amulet)
Stlth   ++           (no ring)
HPRegen 0.27/turn    (no ring)
MPRegen 0.12/turn

%: mayhem
@: lethally poisoned (0 -> -6), very slightly contaminated
A: AC +5, unfitting armour, cold-blooded, stinger 1, low MP 1
a: Renounce Religion


You were on level 4 of the Dungeon.
You worshipped Vehumet.
Vehumet was noncommittal.
You visited 1 branch of the dungeon, and saw 4 of its levels.

You collected 247 gold pieces.
You spent 88 gold pieces at shops.

Inventory:

Hand Weapons
 b - a +0 hand axe
 m - a +2 dagger of holy wrath (weapon)
Armour
 c - a +0 pair of gloves (worn)
 j - a +0 helmet
 l - an orb of mayhem (worn)
Wands
 g - a wand of mindburst (8)
Scrolls
 e - a scroll of teleportation {unknown}
 f - 7 scrolls of identify {unknown}
 h - a scroll of enchant armour {unknown}
 i - a scroll of brand weapon {unknown}
 k - 2 scrolls of immolation {unknown}
 n - a scroll of blinking {unknown}
Potions
 a - a potion of magic


   Skills:
 + Level 3.1 Fighting
 - Level 1.7 Dodging
 - Level 1.7 Stealth
 * Level 4.3 Spellcasting
 - Level 1.0 Conjurations
 - Level 3.0 Air Magic


You had 11 spell levels left.
You knew the following spells:

 Your Spells              Type           Power      Damage    Failure   Level
a - Shock                 Conj/Air       40%        1d5       7%          1

Your spell library contained the following spells:

 Spells                   Type           Power      Damage    Failure   Level
 Static Discharge         Conj/Air       20%        3-4/arc   10%         2
 Swiftness                Air            13%        N/A       13%         3
 Airstrike                Air            6%         2d(1-17)  41%         4


Dungeon Overview and Level Annotations

Branches:
Dungeon (4/15)
 Temple: D:4-7

Altars:
Vehumet
The Shining One

Shops:
D:3 !


Innate Abilities, Weirdness & Mutations

Your plain brown scales are hard. (AC +5)
You cannot fit into any form of body armour.
You are cold-blooded and may be slowed by cold attacks.
Your tail ends in a venomous barb.
Your magical capacity is low. (-10% MP)


Message History

* * * LOW HITPOINT WARNING * * *
Casting: Shock (safe; 7% risk of failure)
Confirm with . or Enter, or press ? or * to list all spells.
Aiming: Shock (safe; 7% risk of failure)
Press: ? - help, Shift-Dir - straight line, f/p - scorpion
Aim: a scorpion (heavily wounded, fast, strong, frenzied and wild, 68% to hit)
The zap hits the scorpion.
The scorpion is severely wounded.
The scorpion barely misses you. x2
Casting: Shock (safe; 7% risk of failure)
Confirm with . or Enter, or press ? or * to list all spells.
Aiming: Shock (safe; 7% risk of failure)
Press: ? - help, Shift-Dir - straight line, f/p - scorpion
Aim: a scorpion (severely wounded, fast, strong, frenzied and wild, 68% to hit)
You miscast Shock.
You are very lightly contaminated with residual magic.
Nothing appears to happen.
The scorpion misses you. The scorpion stings you.
* * * LOW HITPOINT WARNING * * *
You are lethally poisoned!
The scorpion poisons you!
Casting: Shock (safe; 7% risk of failure)
Confirm with . or Enter, or press ? or * to list all spells.
Aiming: Shock (safe; 7% risk of failure)
Press: ? - help, Shift-Dir - straight line, f/p - scorpion
Aim: a scorpion (severely wounded, fast, strong, frenzied and wild, 68% to hit)
The zap hits the scorpion.
The scorpion is almost dead.
* * * LOW HITPOINT WARNING * * *
You feel sick. The scorpion stings you.
* * * LOW HITPOINT WARNING * * *
The scorpion misses you.
Okay, then.
Casting: Shock (safe; 7% risk of failure)
Confirm with . or Enter, or press ? or * to list all spells.
Aiming: Shock (safe; 7% risk of failure)
Press: ? - help, Shift-Dir - straight line, f/p - scorpion
Aim: a scorpion (almost dead, fast, strong, frenzied and wild, 68% to hit)
The zap hits the scorpion but does no damage.
The scorpion is almost dead.
You die...

####### #.....
........##......
#..........##...##
.................#
...........##....#
.................#
............)...#
............s@.#
............##..#
.....(.<..### #..#
....#....## #.# .
#...## .# #..## #
###


You could see a neutral scorpion (fast, strong, frenzied).

Vanquished Creatures
  A crimson imp (D:3)
  An orc priest (D:3)
  3 adders (D:2)
  3 worms (D:2)
  A dart slug (D:1)
  8 orcs
  2 ball pythons (D:2)
  3 endoplasms
  3 giant cockroaches
  5 goblins
  3 hobgoblins
  6 jackals (D:2)
  2 kobolds (D:1)
  A quokka (D:1)
  7 bats
  3 hobgoblin zombies (D:3)
  A kobold skeleton (D:3)
  An orc skeleton (D:3)
  An orc zombie (D:3)
  6 rats
61 creatures vanquished.

Vanquished Creatures (collateral kills)
  2 orcs (D:3)
  A goblin zombie (D:3)
  A hobgoblin zombie (D:3)
  2 orc zombies (D:3)
6 creatures vanquished.

Vanquished Creatures (others)
  A bat (D:1)
  A goblin (D:1)
2 creatures vanquished.

Grand Total: 69 creatures vanquished

Notes
Turn   | Place    | Note
-------+----------+-------------------------------------------
     0 | D:1      | DApurpleWHUMPUS the Draconian Air Elementalist began the
                  | quest for the Orb.
     0 | D:1      | Reached XP level 1. HP: 14/14 MP: 3/3
   198 | D:1      | Reached XP level 2. HP: 22/22 MP: 5/5
   388 | D:1      | Reached skill level 1 in Fighting
   852 | D:1      | Found a faded altar of an unknown god.
  1353 | D:2      | Reached XP level 3. HP: 28/28 MP: 7/7
  1363 | D:2      | Reached skill level 3 in Spellcasting
  1722 | D:2      | Reached XP level 4. HP: 36/36 MP: 9/9
  2999 | D:3      | Found a glowing golden altar of the Shining One.
  3155 | D:3      | Reached skill level 4 in Spellcasting
  3155 | D:3      | Reached XP level 5. HP: 19/44 MP: 1/11
  3587 | D:3      | Found a radiant altar of Vehumet.
  3603 | D:3      | Became a worshipper of Vehumet
  3667 | D:3      | Found Ihemukisti's Distillery.
  3675 | D:3      | Bought a potion of mutation for 88 gold pieces
  3675 | D:3      | Gained mutation: Your magical capacity is low. (-10% MP)
                  | [potion of mutation]
  3675 | D:3      | Gained mutation: Your tail ends in a venomous barb. [potion
                  | of mutation]
  3940 | D:4      | HP: 2/45 [scorpion (1)]
  3941 | D:4      | Succumbed to a scorpion's poison

Illustrated notes

Levels and vault maps discovered:
D:1:      erik_arrival_triangle_small, layout_basic, basic_ecumenical_altar,
          moated_statue, lemuel_flame_loot_1
D:2:      layout_loops_ring, minmay_split_cup_large
D:3:      layout_basic, nicolae_tso_besieged_by_evil,
          nicolae_vehumet_altar_sigil, serial_shops, shop, solitary_fountain,
          minmay_misc_feat_cross
D:4:      layout_cave_pools, grunt_temple_overflow_opulence, minitemple,
          nicolae_elyvilon_temple_path, minmay_temple_entry_enclosed_plants,
          uniq_menkaure

Skill      XL: |  1  2  3  4  5 |
---------------+----------------+-----
Fighting       | 1 2 3 |  3.1
Spellcasting   | 3 4 |  4.3
Dodging        | |  1.7
Stealth        | |  1.7
Conjurations   | |  1.0
Air Magic      | |  3.0

Action                     |  1- 3 |  4- 6 || total
---------------------------+-------+-------++-------
  Melee: Tailslap          |     7 |    16 ||    23
         Unarmed           |     5 |       ||     5
         Hand axe          |    69 |   110 ||   179
         Dagger            |       |     9 ||     9
   Cast: Shock             |    28 |    93 ||   121
    Use: Potion            |       |     4 ||     4
   Stab: Sleeping          |     2 |       ||     2
 Armour: Skin              |    56 |   122 ||   178
  Dodge: Dodged            |    62 |   108 ||   170

Table legend: (Time is in decaauts)
 A = Elapsed time spent in this place.
 B = Non-inter-level travel time spent in this place.
 C = Inter-level travel time spent in this place.
 D = Time resting spent in this place.
 E = Time spent auto-exploring this place.
 F = Levels seen in this place.
 G = Mean time per level.
                   A        B        C        D        E       F      G
               +--------+--------+--------+--------+--------+-----+--------+
         Total |   3998 |   3886 |    112 |    517 |   2701 |   4 |  999.5 |
       Dungeon |   3998 |   3886 |    112 |    517 |   2701 |   4 |  999.5 |
               +--------+--------+--------+--------+--------+-----+--------+

Top non-repeatable levels by time:
     D:3: 1706 daAuts
     D:1: 1191 daAuts
     D:2: 1073 daAuts
     D:4: 27 daAuts
